Cogmind - Beta 15 @@@ ROGUE MODE // 2025.05.19 @ 21:16:16 Player: opdo Result: Destroyed by HZ-KPI(R) with Subdweller Beam Cannon Performance ------------- Evolutions (0) 0 Regions Visited (2) 400 Robots Destroyed (20) 100 Value Destroyed (563) 563 Prototype IDs (2) 40 Alien Tech Used (0) 0 Bonus (0) 0 TOTAL SCORE: 1103 Bonus ------- None Cogmind --------- Core Integrity 0/250 Matter 148/300 Energy 108/265 System Corruption 0% Temperature Cool (9) Movement Walking (190) Ox1 Location -10/Subcaves Parts ------- > --- POWER (1) -------- Reinforced Ion Engine > --- PROPULSION (2) --- Aluminum Leg Aluminum Leg > --- UTILITY (2) ------ Medium Storage Unit Subdweller Optics > --- WEAPON (2) ------- Light Assault Rifle Light Assault Rifle > --- INVENTORY (10) --- Aluminum Leg Disposable Heat Sink Huge Storage Unit Utility Shielding Grenade Launcher Maul Peak State ------------ > --- POWER ------------ Reinforced Ion Engine > --- PROPULSION ------- Aluminum Leg Aluminum Leg > --- UTILITY ---------- Medium Storage Unit Subdweller Optics > --- WEAPON ----------- Light Assault Rifle Maul > --- INVENTORY -------- Reinforced Ion Engine Aluminum Leg Aluminum Leg Aluminum Leg Disposable Heat Sink Huge Storage Unit Utility Shielding Light Assault Rifle Light Cannon Grenade Launcher [Rating: 11] Favorites ----------- Power Light Ion Engine Engine Light Ion Engine Power Core Light Nuclear Core Propulsion Aluminum Leg Treads Light Treads Leg Aluminum Leg Utility Propulsion Shielding Device Improved Terrain Scanner Storage Medium Storage Unit Protection Propulsion Shielding Weapon Light Assault Rifle Ballistic Gun Light Assault Rifle Ballistic Cannon Light Cannon Launcher Grenade Launcher Impact Weapon Maul Build | -11 -10 -10 ------- Run | Yrd Mat Sub Slots Evolved . | . . . Power . | . . . Propulsion . | . . . Utility . | . . . Weapon . | . . . Parts Attached 24 | 9 9 6 Power 5 | 1 3 1 Engine 4 | 1 2 1 Core 1 | . 1 . Reactor . | . . . Propulsion 8 | 4 2 2 Treads 2 | 2 . . Leg 6 | 2 2 2 Wheel . | . . . Hover . | . . . Flight . | . . . Utility 5 | 2 2 1 Device 2 | 1 . 1 Storage 2 | 1 1 . Processor . | . . . Hackware . | . . . Protection 1 | . 1 . Artifact . | . . . Weapon 6 | 2 2 2 Energy Gun . | . . . Energy Cannon . | . . . Ballistic Gun 3 | 2 . 1 Ballistic Cannon 1 | . . 1 Launcher 1 | . 1 . Special Weapon . | . . . Impact Weapon 1 | . 1 . Slashing Weapon . | . . . Piercing Weapon . | . . . Special Melee Weapon . | . . . Unidentified Prototypes . | . . . Parts Lost 8 | . 2 6 Power 2 | . 1 1 Propulsion 2 | . . 2 Utility 2 | . 1 1 Weapon 2 | . . 2 Highest Loss Streak 3 | . 1 3 To Critical Strikes 1 | . . 1 Average Backups 7 | 1 7 9 Power . | . . . Propulsion 3 | . 3 2 Utility 1 | . . 2 Weapon 2 | . 2 3 Tool/Special . | . . . Unused Backups 6 | . 2 4 Power 1 | . 1 . Propulsion 1 | . . 1 Utility 3 | . . 3 Weapon 1 | . 1 . Tool/Special . | . . . Average Slot Usage (%) 98 | . 98 98 Engine 12 | . 12 14 Leg 28 | . 28 28 Device 3 | . 2 5 Storage 14 | . 14 14 Protection 9 | . 9 7 Ballistic Gun 24 | . 24 23 Impact Weapon 2 | . 2 1 Peak Build Rating 11 | 9 10 11 Average Rating 8 | 5 8 9 On Entrance 6 | . 9 10 Naked Turns . | . . . Heaviest Build 26 | 11 25 26 Greatest Support 40 | 40 20 20 Greatest Overweight (x) 3 | 3 1 1 Average Overweight (x) . | . . 1 Largest Inventory Capacity 10 | 8 10 10 Average Capacity 9 | 7 9 10 Most Carried 10 | 4 10 10 Average Carried 7 | 1 7 9 Final Capacity 10 | 8 10 10 Final Carried 10 | 4 10 6 Class Distribution -------------------- 100% | Mutant Dominant Class ---------------- Mutant | -10/Materials Mutant | -10/Subcaves Resources | -11 -10 -10 ----------- Run | Yrd Mat Sub Matter Collected 548 | 226 226 96 Remotely . | . . . Salvage Created 649 | 98 386 165 Parts 41 | 5 26 10 Haulers Intercepted . | . . . Recyclers Shooed . | . . . Parts Field Recycled . | . . . Retrieved Matter . | . . . Parts Self-Destructed 2 | . . 2 Prevented . | . . . Kills | -11 -10 -10 ------- Run | Yrd Mat Sub Combat Hostiles Destroyed 16 | . 12 4 Guns 11 | . 8 3 Cannons 1 | . . 1 AOE 4 | . 4 . Classes Destroyed 7 | 2 3 2 Tunneler 2 | 1 1 . Recycler 1 | 1 . . Operator 1 | . 1 . Swarmer 3 | . 3 . Grunt 9 | . 9 . Sentry 1 | . . 1 Subdweller 3 | . . 3 Best Kill Streak 6 | 2 6 2 Combat Bots Only 5 | . 5 2 Max Kills in Single Turn 3 | 1 3 1 Gunslinging . | . . . Exploded 2 | . 2 . Melee . | . . . Uniques/NPCs Destroyed . | . . . Combat | -11 -10 -10 -------- Run | Yrd Mat Sub Hostile Shots Fired 125 | . 61 64 Missed 42 | . 20 22 Hits 83 | . 41 42 Projectile 83 | . 41 42 Critical Strikes 2 | . 1 1 Damage Taken 1402 | . 497 905 Core 264 | . 86 178 Absorbed by Shields . | . . . Redirected to Shielding 52 | . 16 36 Core Remaining (%) 100 | 100 . . Volleys Fired 101 | 4 55 42 Largest 2 | 2 2 2 Hottest 50 | 40 50 50 Shots Fired 201 | 8 110 83 Gun 184 | 8 108 68 Cannon 15 | . . 15 Launcher 2 | . 2 . Special . | . . . Kinetic 199 | 8 108 83 Thermal . | . . . Explosive 2 | . 2 . Electromagnetic . | . . . Robot Hit Streak 16 | 5 16 10 Robot Miss Streak 5 | 2 5 4 Penetration Max . | . . . Secondary Targets 1 | . 1 . Max Gunslinging Chain 1 | . 1 . Shots Hit Robots 135 | 5 71 59 Core Hits 48 | 4 32 12 Critical Kills . | . . . Critical Parts Destroyed . | . . . Critical Strikes . | . . . Melee Attacks 3 | . 1 2 Impact 3 | . 1 2 Slashing . | . . . Piercing . | . . . Sneak Attacks . | . . . Combat Hostiles . | . . . Follow-up Attacks . | . . . Damage Inflicted 1468 | 61 884 523 Guns 1016 | 61 583 372 Cannons 151 | . . 151 Explosions 298 | . 298 . Melee . | . . . Ramming 3 | . 3 . Kinetic 1167 | 61 583 523 Thermal . | . . . Explosive 298 | . 298 . Electromagnetic . | . . . Impact . | . . . Slashing . | . . . Piercing . | . . . Highest Corruption . | . . . Average Corruption . | . . . Corruption Purged . | . . . Corruption Blocked . | . . . Overload Shots . | . . . Overflow Damage 12 | . 12 . Projectiles . | . . . Explosions 12 | . 12 . Melee . | . . . Knockbacks 2 | . . 2 Impact . | . . . Kinetic 2 | . . 2 Secondary . | . . . Self-Inflicted Damage . | . . . Shots . | . . . Rammed . | . . . Targets Rammed 2 | . 2 . Kicked 2 | . 2 . Crushed . | . . . Highest Temperature 31 | . 31 . Average Temperature 10 | . 10 . Received Heat Transfer 471 | . 279 192 Siege Activations . | . . . Martial Activations . | . . . Shielding Activations . | . . . Robots Disrupted . | . . . Combat Hostiles . | . . . Robots Corrupted . | . . . Combat Hostiles . | . . . Parts Fried . | . . . Impact Corruptions . | . . . Robots Melted . | . . . Combat Hostiles . | . . . Parts Melted . | . . . Heat Transferred . | . . . Parts Sabotaged . | . . . Parts Stolen . | . . . Parts Stripped . | . . . Power Chain Reactions . | . . . Alert | -11 -10 -10 ------- Run | Yrd Mat Sub Maximum Alert Level . | . . . Low Security (%) 100 | 100 100 . Level 1 . | . . . Level 2 . | . . . Level 3 . | . . . Level 4 . | . . . Level 5 . | . . . High Security . | . . . Max Security . | . . . Peak Influence 127 | 10 127 . Initial . | . . . Average 33 | 1 36 . Influence Increases 363 | 10 333 20 Destroy 0b10 Robot/C 260 | . 240 20 Destroy 0b10 Robot/NC 20 | 10 10 . Destroy Leader 50 | . 50 . Successful Hack 22 | . 22 . Destroy Structure 11 | . 11 . Influence Decreases 363 | 10 333 20 Time Decay 343 | 10 313 20 Lost Part 20 | . 20 . Squads Dispatched 2 | . 2 . Investigation 1 | . 1 . Extermination . | . . . Reinforcement 1 | . 1 . Assault . | . . . Garrison . | . . . Intercept . | . . . Searches Triggered . | . . . Construction Impeded . | . . . Haulers Reinforced . | . . . Active Scanning Responses . | . . . Cargo Convoy Interrupts . | . . . Stealth | -11 -10 -10 --------- Run | Yrd Mat Sub Distress Signals 1 | . 1 . Communications Jammed . | . . . Distress Signals . | . . . Times Spotted 29 | . 24 5 Peak Tracking Total 6 | . 6 3 Tactical Retreats . | . . . Traps | -11 -10 -10 ------- Run | Yrd Mat Sub Traps Triggered 1 | . 1 . Indirectly . | . . . Trap Hack Attempts . | . . . Triggered . | . . . Disarmed 3 | . 3 . Reprogrammed . | . . . Reused . | . . . Traps Extracted . | . . . Installed . | . . . Triggered . | . . . Machines | -11 -10 -10 ---------- Run | Yrd Mat Sub Machines Disabled . | . . . Max in Single Turn . | . . . Machines Repaired . | . . . Machines Dismantled . | . . . Machines Sabotaged . | . . . Overloaded Fab Kills . | . . . Hacking | -11 -10 -10 --------- Run | Yrd Mat Sub Machines Accessed 9 | . 9 . Terminals 7 | . 7 . Fabricators . | . . . Repair Stations . | . . . Recycling Units 2 | . 2 . Scanalyzers . | . . . Garrison Access . | . . . Total Hacks 27 | . 27 . Successful 17 | . 17 . Failed 10 | . 10 . Catastrophic 1 | . 1 . Database Lockouts . | . . . Manual 21 | . 21 . Terminals 24 | . 24 . Fabricators . | . . . Repair Stations . | . . . Recycling Units 3 | . 3 . Scanalyzers . | . . . Garrison Access . | . . . Terminal Hacks 6 | . 6 . Robot Analysis 1 | . 1 . Prototype ID Bank 1 | . 1 . Terminal Index 1 | . 1 . Locate Traps 1 | . 1 . Disarm Traps 1 | . 1 . Hauler Manifests 1 | . 1 . Fabricator Hacks . | . . . Repair Station Hacks . | . . . Recycling Unit Hacks 3 | . 3 . Report Inventory 2 | . 2 . Retrieve Components 1 | . 1 . Scanalyzer . | . . . Garrison Access Hacks . | . . . Unauthorized Hacks 8 | . 8 . Terminals 8 | . 8 . Assimilate 2 | . 2 . Botnet 1 | . 1 . Skim 5 | . 5 . Fabricators . | . . . Repair Stations . | . . . Recycling Units . | . . . Scanalyzers . | . . . Garrison Access . | . . . Data Cores Recovered 1 | . 1 . Used 1 | . 1 . Hacking Detections 8 | . 8 . Full Trace Events 1 | . 1 . Feedback Events . | . . . Feedback Blocked . | . . . Robot Schematics Acquired . | . . . Robots Built . | . . . Authchips . | . . . Time . | . . . Total Robot Build Rating . | . . . Part Schematics Acquired . | . . . Parts Built . | . . . Authchips . | . . . Time . | . . . Total Part Build Rating . | . . . Parts Repaired . | . . . Time . | . . . Parts Recycled . | . . . Recycled Matter . | . . . Retrieved Matter . | . . . Retrieved Components 9 | . 9 . Parts Scanalyzed . | . . . Part Schematics Acquired . | . . . Parts Damaged . | . . . Bothacking | -11 -10 -10 ------------ Run | Yrd Mat Sub Used RIF Installer . | . . . Robots Hacked . | . . . Non-combat . | . . . Combat . | . . . Robot Hacks Applied . | . . . Relay Couplers Released . | . . . Fabnet Peak Effective % . | . . . Robots Rewired . | . . . Allies Hacked . | . . . Hacks Repelled . | . . . Allies | -11 -10 -10 -------- Run | Yrd Mat Sub Total Allies . | . . . Largest Group . | . . . Highest-Rated Group . | . . . Highest-Rated Ally . | . . . Total Orders . | . . . Ally Attacks . | . . . Total Damage . | . . . Kills . | . . . Allies Corrupted . | . . . Allies Melted . | . . . Intel | -11 -10 -10 ------- Run | Yrd Mat Sub Active Infowar (turns) 331 | 8 209 114 Optics 114 | . . 114 Terrain 217 | 8 209 . Robot Analysis Total 1 | . 1 . Derelict Logs Recovered . | . . . Drone Launches . | . . . Drone Recoveries . | . . . Exploration | -11 -10 -10 ------------- Run | Yrd Mat Sub Turns Passed 1375 | 74 1040 261 Spaces Moved 719 | 39 611 69 Core 12 | 12 . . Treads 2 | 2 . . Legs 705 | 25 611 69 Wheels . | . . . Hover . | . . . Flight . | . . . Fastest Speed 50 | 50 120 190 Average Speed 143 | 119 139 190 Slowest Speed 200 | 200 190 190 Overloaded Moves . | . . . Propulsion Burnouts . | . . . Robots Hopped . | . . . Potential Cave-ins . | . . . Cave-ins Triggered . | . . . Exploration Rate (%) 34 | 4 92 8 Regions Visited 2 Branch Regions 1 Pre-discovered Areas 1 | . 1 . Known Exits Taken 1 | . 1 . Unknown Exits Taken 1 | 1 . . Scrap Searched . | . . . Spaces Dug 1 | . 1 . Terrain Destroyed 10 | . 10 . Melee 1 | . 1 . Projectile . | . . . AOE 9 | . 9 . Terrain Rammed . | . . . Walls Destroyed . | . . . Machines Disabled . | . . . Actions | -11 -10 -10 --------- Run | Yrd Mat Sub Total 892 | 56 712 124 Wait 15 | . 14 1 Move 717 | 38 610 69 Hop . | . . . Pick Up 18 | 5 12 1 Fast Attach 7 | 6 . 1 Attach 8 | 1 2 5 Detach . | . . . Swap 13 | 2 8 3 Drop 8 | . 8 . Fire 101 | 4 55 42 Melee 3 | . 1 2 Ram . | . . . Kick 2 | . 2 . Crush . | . . . Escape Stasis . | . . . Rewire . | . . . Trap . | . . . Miscellaneous . | . . . Route ------- -11/Scrapyard -10/Materials (discovered 6 exits: *Mat x3 / [*Min x2] / *Sub) -10/Subcaves History --------- Turn | Location | Event 26 | -11/Scrapyard | Discovered new exit (range 15) 75 | -11/Scrapyard | Entered Materials 75 | -10/Materials | Discovered new exit (range 7) 246 | -10/Materials | Discovered new exit (range 13) 316 | -10/Materials | Build established: Mutant 389 | -10/Materials | Loaded intel: 11 trap records 423 | -10/Materials | Learned Recycling recycling unit intel 441 | -10/Materials | Discovered new exit (range 8) 448 | -10/Materials | Identified exit to Subcaves 465 | -10/Materials | Identified exit to Materials 471 | -10/Materials | Learned Storage stockpile data 476 | -10/Materials | Learned location of Mines (-10) 492 | -10/Materials | Learned location of 1 exit from Storage 519 | -10/Materials | Learned 2 Mines zone layouts 1115 | -10/Materials | Entered Subcaves 1116 | -10/Subcaves | Approached by a straggling Scientist 1240 | -10/Subcaves | Core integrity fell below 50% 1360 | -10/Subcaves | Core integrity fell below 20% 1376 | -10/Subcaves | Destroyed by HZ-KPI(R) with Subdweller Beam Cannon Last Messages --------------- we haven't found any suitable candidates yet." BG-50X(c): "I think it's somewhere north of here" 01322_ Critical hit (Destroy). 01322_ Aluminum Leg destroyed. 01338_ I7-N9I(R) knocked back. 01344_ I7-N9I(R) destroyed. 01348_ Subatomizers dissect the Disposable Heat Sink. 01350_ DQ-K83(R) affixes Scrap Shield Fragment to Scrap Shield. 01354_ Aluminum Leg destroyed. 01359_ Subatomizers dissect the Disposable Heat Sink. 01359_ DQ-K83(R) knocked back. 01362_ DQ-K83(R) destroyed. 01364_ Lgt. Cannon destroyed. 01370_ Rnf. Ion Engine destroyed. 01371_ Subatomizers dissect the Disposable Heat Sink. Map ----- +----------------------------------------------------+ | ?????????????????????????????????????????????????? | | ?????????????????????????????????????????????????? | | ?????????????????????????????????????????????????? | | ?????????????????????????????????????????????????? | | ?????????????????????????????????????????????????? | | ?????????????????????????????????????????????????? | | ?????????????????????????????????????????????????? | | ?????????????????????????????????????????????????? | | ?????????????????????????????????????????????????? | | ?????????????????????????????????????????????????? | | ?????????????????????????????????????????????????? | | ??????????????????????????##?????????????????????? | | ?????????????????????????? ??????????????????????? | | ?????????????????????????? ??????????????????????? | | ?????????????????????##?## ??????????????????????? | | ????????????????????## ## ??????????????????????? | | ????????????????????? ??????????????????????? | | ????????????????????##< ??????????????????????? | | ??????#?????????????? % ??????????????????????? | | ????? ???????????????# ??????????????????????? | | ???? #???????????????# R #??????????????????????? | | ##? ##???????????????#% ##?????????????????????? | | ## #???????????????# ##????????????????????? | | #???????????????#; ;#????????????????????? | | #????????????????## #?????????????????????? | | #????????????????# @;###???????????????????? | | #????????????????# #???????????????????? | | ## ##????????????????# #???????????????????? | | #####???????####??????##; ##??????????????????? | | ###????##### ######??## ##?????????????????? | | ##??## " ##??# % #?????????????????? | | #?## ####![ #?????????????????? | | #### "##%& #?????????????????? | | ##?# "!% #?????????????????? | | ##??## """ " "##?????????????????? | | #???# ""#""###%%"###??????????????????? | | ###### """####?## #????????????????????? | | ## ## & """"#????? #???????????????????? | | & """"##????? ""??????????????????? | | & #"""""#?????? " ????????????????? | | # # """##"""" "???? ???????????????? | | ####"""####""" """??? ## ??????????????? | | #??#"""##?# #" ??? ? #?????????????? | | ####"" ### #?????# #??# ?????????????? | | ## #?## ?????? ???# #?????????????? | | # ##??? ????? #????###?????????????? | | # #????? ????? ????????????????????? | | # #???????????? ????????????????????? | | # ## ##???????????? ????????????????????? | | ## #### ##????????????? ????????????????????? | +----------------------------------------------------+ Best States ------------- Heat Dissipation 25 Energy Generation 14 Energy Capacity 265 Matter Stores 300 Matter Capacity 300 Sight Range 21 Terrain Scan Range 16 Terrain Scan Density 10 Propulsion Shielding 33 Evasion (%) 55 Item Schematics ----------------- None Robot Schematics ------------------ None Fabricated ------------ Nothing Repaired ---------- Nothing Alien Tech Used ----------------- None Achievements -------------- None Challenges ------------ None Game ------ Seed OmegaCoilNanosword Manual? 0 Play Time 00:09:38 Cumulative 99.3 hours Start 2025.05.19 @ 21:07:49 End 2025.05.19 @ 21:16:16 Sessions 1 Manual Loads 0 Difficulty Rogue Special Mode None Game No. 263 Rogue 261 Adventurer 2 Explorer 0 Win Type - Total 1 Types 1/0/0/0/0/0/0/0/0/0 Lore% 74 Gallery% 59 Achievement% 50 Wizard Run 0 Options --------- Layout 2 ASCII 0 Keyboard 0 Movement Arrows Keybinds 0 Fullscreen 2 Font 24/Smallcaps Map View 50x44 Zoom Use 0% Tactical HUD 1 Map Filters NONE Filters NONE Steam 1 RUN: ccda2153-8665-43f4-ae6d-d71d432e08b1